 Dungeon Crawl Stone Soup version 0.28-a0-957-g42eb19b844 (webtiles) character file.

Game seed: 14388772931429949027

38 a11behringer the Ruffian (level 3, 0/28 HPs)
             Began as a Draconian Transmuter on Nov 30, 2021.
             Succumbed to an adder's poison
             ... on level 2 of the Dungeon.
             The game lasted 00:05:41 (1368 turns).

a11behringer the Ruffian (Draconian Transmuter)     Turns: 1368, Time: 00:05:42

Health: 0/28       AC:  5    Str: 12    XL:     3   Next: 25%
Magic:  6/6        EV: 12    Int: 15    God:
Gold:   49         SH:  0    Dex: 11    Spells: 6/7 levels left

rFire   . . .      SeeInvis .     - Unarmed
rCold   . . .      Faith    .   (no shield)
rNeg    . . .      Spirit   .   (armour unavailable)
rPois   .          Reflect  .   (helmet restricted)
rElec   .          Harm     .   (no cloak)
rCorr   .          Rampage  .   (no gloves)
Will    .....                   (no boots)
Stlth   +.........              (no amulet)
HPRegen 0.09/turn               (no ring)
MPRegen 0.10/turn               (no ring)

@: lethally poisoned (0 -> -2)
A: AC +5, unfitting armour, cold-blooded
a: no special abilities


You were on level 2 of the Dungeon.
You visited 1 branch of the dungeon, and saw 2 of its levels.

You collected 49 gold pieces.

Inventory:

Jewellery
 g - an amulet of guardian spirit
Scrolls
 a - a scroll of teleportation {unknown}
 e - a scroll of noise {unknown}
 i - a scroll of magic mapping {unknown}
Potions
 f - a potion of ambrosia
 h - a potion of resistance
 j - a potion of lignification {unknown}


   Skills:
 + Level 1.1 Fighting
 + Level 2.0 Dodging
 + Level 0.5 Stealth
 * Level 3.4 Unarmed Combat
 + Level 2.5 Spellcasting
 + Level 2.3 Transmutations


You had 6 spell levels left.
You knew the following spells:

 Your Spells              Type           Power      Damage    Failure   Level
a - Beastly Appendage     Tmut           16%        N/A       9%          1

Your spell library contained the following spells:

 Spells                   Type           Power      Damage    Failure   Level
 Wereblood                Tmut           8%         N/A       12%         2
 Spider Form              Tmut/Pois      5%         N/A       36%         3
 Ice Form                 Ice/Tmut       5%         N/A       78%         4


Dungeon Overview and Level Annotations

Branches:
Dungeon (2/15)

Altars:

Annotations:
D:2 Ijyb


Innate Abilities, Weirdness & Mutations

Your plain brown scales are hard. (AC +5)
You cannot fit into any form of body armour.
You are cold-blooded and may be slowed by cold attacks.


Message History

The adder closely misses you. The adder bites you.
You see here a scroll labelled NIZITIE CIPOFRA.
The adder bites you but does no damage. The adder bites you.
* * * LOW HITPOINT WARNING * * *
Found a ring mail.
The adder bites you but does no damage.
Found 7 sling bullets.
The adder bites you but does no damage. The adder closely misses you.
The adder bites you.
* * * LOW HITPOINT WARNING * * *
You are poisoned.
The adder poisons you!
* * * LOW HITPOINT WARNING * * *
You feel sick.
* * * LOW HITPOINT WARNING * * *
You feel sick.
* * * LOW HITPOINT WARNING * * *
You feel sick. The adder closely misses you.
You feel better. The adder closely misses you.
The goblin shoots a stone.
The stone hits you.
* * * LOW HITPOINT WARNING * * *
The adder barely misses you.
The goblin shoots a stone.
The stone closely misses you. The adder closely misses you.
The adder bites you.
* * * LOW HITPOINT WARNING * * *
You are lethally poisoned!
The adder poisons you!
* * * LOW HITPOINT WARNING * * *
You feel sick.
* * * LOW HITPOINT WARNING * * *
You feel sick.
* * * LOW HITPOINT WARNING * * *
You feel sick.
* * * LOW HITPOINT WARNING * * *
You feel sick. The adder bites you but does no damage.
You die...

#...##..##
###......#######......
##.###.## #......# #......
...###.###
##.#.##########.####
.........# #.#.####.......#
.........######.#.##....######
.........#......).^..>..#
.........#........##....#
.......)...............##
##.#..####......@..........
#.............S..###..####
#....####........# ##..#
#..#.# #...J.#### #### #).#.##
##...## #..#..# #..###8.....8#
##...#.####..###.......#
#....[.........#8..(..8#
#.#.##..#...#.##.......#


You could see an adder and an endoplasm.

Vanquished Creatures
  2 dart slugs
  3 bats (D:1)
  4 endoplasms
  2 giant cockroaches
  4 goblins
  6 hobgoblins
  A ball python (D:2)
  4 frilled lizards
  2 kobolds (D:2)
  2 rats
30 creatures vanquished.

Notes
Turn   | Place    | Note
-------+----------+-------------------------------------------
     0 | D:1      | a11behringer the Draconian Transmuter began the quest for
                  | the Orb.
     0 | D:1      | Reached XP level 1. HP: 16/16 MP: 3/3
   148 | D:1      | Reached XP level 2. HP: 2/23 MP: 3/5
   944 | D:2      | Reached XP level 3. HP: 13/28 MP: 4/6
  1305 | D:2      | Noticed Ijyb
  1317 | D:2      | HP: 1/28 [poisoned by an adder]
  1367 | D:2      | HP: 1/28 [poisoned by an adder]
  1368 | D:2      | Succumbed to an adder's poison

Illustrated notes

Levels and vault maps discovered:
D:1:      pf_arrival_petrified_forest, layout_rooms
D:2:      kennysheep_the_goblin_king, layout_rooms, grunt_ministairs_7

Skill      XL: |  1  2 |
---------------+-------+-----
Dodging        | 2 |  2.0
Fighting       | |  1.1
Stealth        | |  0.5
Unarmed Combat | |  3.4
Spellcasting   | |  2.5
Transmutations | |  2.3

Action                   || total
-------------------------++-------
Melee: Unarmed           ||    66
       Kick              ||    12
       Headbutt          ||     9
       Tailslap          ||     4
 Cast: Beastly Appendage ||    19
  Use: Scroll            ||     4
       Potion            ||     2
Armor: Skin              ||    28
Dodge: Dodged            ||    57

Table legend: (Time is in decaauts)
 A = Elapsed time spent in this place.
 B = Non-inter-level travel time spent in this place.
 C = Inter-level travel time spent in this place.
 D = Time resting spent in this place.
 E = Time spent auto-exploring this place.
 F = Levels seen in this place.
 G = Mean time per level.
                   A        B        C        D        E       F      G
               +--------+--------+--------+--------+--------+-----+--------+
         Total |   1367 |   1188 |    179 |      0 |    922 |   2 |  683.5 |
       Dungeon |   1367 |   1188 |    179 |      0 |    922 |   2 |  683.5 |
               +--------+--------+--------+--------+--------+-----+--------+

Top non-repeatable levels by time:
     D:1: 847 daAuts
     D:2: 520 daAuts
